 Dungeon Crawl Stone Soup version 0.31-a0-865-g3d5d91748a (webtiles) character file.

Game seed: 14423353991063524566

90 gelatine the Twirler (level 4, -1/34 HPs)
             Began as a Demonspawn Wanderer on Oct 11, 2023.
             Slain by a worm (7 damage)
             ... on level 3 of the Dungeon.
             The game lasted 00:06:11 (1831 turns).

gelatine the Twirler (Demonspawn Wanderer)          Turns: 1831, Time: 00:06:12

Health: -1/34      AC:  8    Str: 13    XL:     4   Next: 32%
Magic:  4/4        EV: 10    Int: 10    God:
Gold:   77         SH:  4    Dex: 17    Spells: 3/3 levels left

rFire   . . .        b - +0 short sword
rCold   . . .        r - +0 buckler
rNeg    . . .        h - +0 leather armour
rPois   .            f - +0 helmet
rElec   .            (no cloak)
rCorr   +            t - +2 pair of gloves
SInv    .            j - +0 pair of boots
Will    .....        (no amulet)
Stlth   ++           g - ring of resist corrosion
HPRegen 0.25/turn    (no ring)
MPRegen 0.09/turn

%: no passive effects
@: no status effects
A: demonic magic 1
a: no special abilities


You were on level 3 of the Dungeon.
You visited 1 branch of the dungeon, and saw 3 of its levels.

You collected 77 gold pieces.

Inventory:

Hand Weapons
 a - a +3 quarterstaff
 b - a +0 short sword (weapon)
Missiles
 s - 4 javelins
Armour
 f - a +0 helmet (worn)
 h - a +0 leather armour (worn)
 j - a +0 pair of boots (worn)
 r - a +0 buckler (worn)
 t - a +2 pair of gloves (worn)
Jewellery
 g - a ring of resist corrosion (left hand)
Talismans
 o - a beast talisman
Scrolls
 d - a scroll of noise {unknown}
 l - a scroll of silence {unknown}
 m - 2 scrolls of fear {unknown}
 n - 4 scrolls of teleportation {unknown}
 q - 2 scrolls of identify {unknown}
Potions
 c - a potion of might
 i - a potion of attraction {unknown}
 k - a potion of curing {unknown}
 p - a potion of magic {unknown}


   Skills:
 * Level 2.7 Fighting
 + Level 1.1 Short Blades
 + Level 3.4 Staves
 + Level 1.0 Throwing
 * Level 1.4 Armour
 * Level 0.7 Dodging
 + Level 1.5 Stealth
 * Level 0.2 Shields
 * Level 0.2 Spellcasting
 + Level 1.2 Invocations
 + Level 1.0 Evocations


You had 3 spell levels left.
You didn't know any spells.
Your spell library contained the following spells:

 Spells                   Type           Power      Damage    Failure   Level
 Animate Dead             Necr           0%         N/A       100%        4
 Borgnjor's Vile Clutch   Necr/Erth      0%         N/A       100%        5
 Death Channel            Necr           0%         N/A       100%        6


Dungeon Overview and Level Annotations

Branches:
Dungeon (3/15)

Altars:

Shops:
D:1 (


Innate Abilities, Weirdness & Mutations

Spells you cast may paralyse adjacent enemies.


Message History

You are more poisoned.
The adder poisons you!
You feel sick. The adder closely misses you. The adder barely misses you.
Things that are here:
5 gold pieces; a dart slug corpse You feel sick.
The adder barely misses you.
You barely miss the adder.
The adder is heavily wounded.
You feel sick. The adder barely misses you.
You closely miss the adder.
The adder is heavily wounded.
You feel sick. The adder barely misses you.
You hit the adder.
You kill the adder!
You feel sick.
You feel sick.
A worm comes into view.
You see here an adder corpse.
You feel sick.
You are no longer poisoned.
Things that are here:
5 gold pieces; a dart slug corpse You hit the worm but do no damage.
You hit the worm but do no damage. The worm bites you but does no damage.
You hit the worm.
The worm is lightly wounded.
The worm bites you!
* * * LOW HITPOINT WARNING * * *
You hit the worm.
The worm is moderately wounded.
You hit the worm.
The worm is moderately wounded.
The worm bites you.
* * * LOW HITPOINT WARNING * * *
You hit the worm.
The worm is moderately wounded.
You hit the worm but do no damage.
The worm is moderately wounded.
The worm bites you!
You die...

#..............##.##....#
#..............##.#######
#............>###.#
#.............#...#
##.............#.###
.................#
.......$†#####.###
.........### #.#
#####....@w# #.# #.####.#
..# ... .# .## ..... .##.
..... .##. .... .... ..
..


You could see a worm.

Vanquished Creatures
  4 adders
  2 dart slugs
  8 ball pythons
  8 endoplasms (D:1)
  3 giant cockroaches
  5 goblins
  3 hobgoblins (D:2)
  2 quokkas
  3 bats
  3 kobolds
  6 rats
47 creatures vanquished.

Vanquished Creatures (others)
  A kraken (D:1)
  A minotaur (D:1)
  A demonspawn (D:1)
  An octopode (D:1)
  A gargoyle (D:1)
  3 trolls (D:1)
  A formicid (D:1)
  A felid (D:1)
  A mummy (D:1)
  11 tentacles (D:1)
22 creatures vanquished.

Grand Total: 69 creatures vanquished

Notes
Turn   | Place    | Note
-------+----------+-------------------------------------------
     0 | D:1      | gelatine the Demonspawn Wanderer began the quest for the
                  | Orb.
     0 | D:1      | gelatine set off with the following items: a +3
                  | quarterstaff, a +0 short sword, a potion of might, a +0
                  | robe.
     0 | D:1      | Reached XP level 1. HP: 16/16 MP: 1/1
     0 | D:1      | Noticed a troll
     0 | D:1      | Noticed an octopode
     0 | D:1      | Noticed a formicid
     0 | D:1      | Noticed a ghoul
     0 | D:1      | Noticed a felid
     0 | D:1      | Noticed a kraken
     0 | D:1      | Noticed a demonspawn
     0 | D:1      | Noticed a troll
     0 | D:1      | Noticed a minotaur
     0 | D:1      | Noticed a troll
     0 | D:1      | Noticed a dwarf
     0 | D:1      | Noticed a gargoyle
     6 | D:1      | Killed a gargoyle
     7 | D:1      | Killed a troll
     8 | D:1      | Killed an octopode
    12 | D:1      | Killed a formicid
    12 | D:1      | Killed a demonspawn
    12 | D:1      | Killed a felid
    13 | D:1      | Killed a troll
    15 | D:1      | Killed a minotaur
    15 | D:1      | Killed a troll
    18 | D:1      | Killed a kraken
   298 | D:1      | Gained mutation: Spells you cast may paralyse adjacent
                  | enemies. [demonic ancestry]
   298 | D:1      | Reached XP level 2. HP: 17/22 MP: 2/2
   319 | D:1      | Reached skill level 3 in Staves
   630 | D:1      | Found Luevurio's Antique Weapon Emporium.
   757 | D:1      | Reached XP level 3. HP: 27/27 MP: 3/3
   803 | D:1      | Found a faded altar of an unknown god.
  1202 | D:2      | Reached skill level 1 in Armour
  1712 | D:3      | Reached XP level 4. HP: 34/34 MP: 4/4
  1831 | D:3      | Slain by a worm

Illustrated notes

Levels and vault maps discovered:
D:1:      nicolae_arrival_kraken_aquarium_a, layout_basic, serial_shops,
          shop_fountains, hellmonk_ecumenical_altar_inner_sanctum,
          minmay_pentomino_w2
D:2:      layout_loops_ring, hangedman_abyss_or_decor_lesser_grid
D:3:      layout_basic, nzn_hepliaklqana_mist_gate,
          mainiacjoe_overflow_tiny_flanked

Skill      XL: |  1  2  3 |
---------------+----------+-----
Staves         | 3 |  3.4
Armour         | 1 |  1.4
Fighting       | |  2.7
Short Blades   | |  1.1
Throwing       | |  1.0
Dodging        | |  0.7
Stealth        | |  1.5
Shields        | |  0.2
Spellcasting   | |  0.2
Invocations    | |  1.2
Evocations     | |  1.0

Action                     |  1- 3 |  4- 6 || total
---------------------------+-------+-------++-------
  Melee: Quarterstaff      |    60 |       ||    60
         Short sword       |    46 |    44 ||    90
   Stab: Sleeping          |     7 |       ||     7
         Distracted        |     1 |       ||     1
 Armour: Robe              |     6 |       ||     6
         Leather armour    |    43 |    33 ||    76
  Dodge: Dodged            |    48 |    24 ||    72
  Block: Buckler           |    14 |     9 ||    23

Table legend: (Time is in decaauts)
 A = Elapsed time spent in this place.
 B = Non-inter-level travel time spent in this place.
 C = Inter-level travel time spent in this place.
 D = Time resting spent in this place.
 E = Time spent auto-exploring this place.
 F = Levels seen in this place.
 G = Mean time per level.
                   A        B        C        D        E       F      G
               +--------+--------+--------+--------+--------+-----+--------+
         Total |   1838 |   1795 |     43 |      0 |   1293 |   3 |  612.7 |
       Dungeon |   1838 |   1795 |     43 |      0 |   1293 |   3 |  612.7 |
               +--------+--------+--------+--------+--------+-----+--------+

Top non-repeatable levels by time:
     D:1: 1002 daAuts
     D:2: 698 daAuts
     D:3: 137 daAuts
